 Dungeon Crawl Stone Soup version 0.21-a0-529-g8c7b3f5 (webtiles) character file.

216 rjrrt the Chopper (level 5, 0/67 HPs)
             Began as a Minotaur Berserker on Dec 9, 2017.
             Was a Priest of Trog.
             Slain by a sky beast (2 damage)
             ... on level 4 of the Dungeon.
             The game lasted 00:04:07 (2844 turns).

rjrrt the Chopper (Minotaur Berserker)              Turns: 2844, Time: 00:04:08

Health: 0/67       AC:  0    Str: 27    XL:     5   Next: 61%
Magic:  4/4        EV: 12    Int:  4    God:    Trog [***...]
Gold:   238        SH:  0    Dex: 10    Spells: 4/4 levels left

rFire    . . .     SeeInvis .   a - +1 war axe (elec)
rCold    . . .     Gourm    .   (no shield)
rNeg     . . .     Faith    .   (no armour)
rPois    .         Spirit   .   (helmet restricted)
rElec    .         Reflect  .   (no cloak)
rCorr    .         Harm     .   (no gloves)
MR       .....                  (no boots)
Stlth    ..........             (no amulet)
HPRegen  0.21/turn              (no ring)
MPRegen  0.09/turn              (no ring)

@: berserking, very quick
A: retaliatory headbutt, horns 2
a: Berserk, Trog's Hand, Burn Spellbooks, Renounce Religion


You were on level 4 of the Dungeon.
You worshipped Trog.
Trog was most pleased with you.
You were very hungry.

You visited 1 branch of the dungeon, and saw 4 of its levels.

You collected 238 gold pieces.

Inventory:

Hand Weapons
 a - a +1 war axe of electrocution (weapon)
 b - a +0 blowgun
Missiles
 j - 6 curare-tipped needles
 s - 6 needles of confusion
 u - a throwing net (quivered)
 v - 43 poisoned needles
Scrolls
 f - 4 scrolls of teleportation {unknown}
 g - 3 scrolls of identify {unknown}
 h - a scroll of fog {unknown}
 k - 2 scrolls of remove curse {unknown}
 m - a scroll of immolation {unknown}
 n - a scroll of amnesia {unknown}
 q - a scroll of enchant weapon {unknown}
 t - a scroll of fear {unknown}
 w - a scroll of noise {unknown}
Potions
 d - a potion of curing {unknown}
 e - 3 potions of cancellation {unknown}
 i - 2 potions of mutation {unknown}
 o - 3 potions of heal wounds {unknown}
 p - a potion of lignification {unknown}
 r - 2 potions of degeneration {unknown}
 x - 2 potions of invisibility {unknown}
Comestibles
 c - 5 bread rations
 l - 7 fruits
 z - a chunk of flesh


   Skills:
 - Level 3.6 Fighting
 * Level 7.2 Axes
 + Level 1.9 Throwing
 - Level 2.4 Armour
 - Level 2.1 Dodging


You had 4 spell levels left.
You didn't know any spells.

Dungeon Overview and Level Annotations

Branches:
Dungeon (4/15)
 Temple: D:4-7

Altars:


Innate Abilities, Weirdness & Mutations

You reflexively headbutt those who attack you in melee.
You have a pair of horns on your head.


Message History

Something hits you.
* * * LOW HITPOINT WARNING * * *
Something shocks you.
* * * LOW HITPOINT WARNING * * *
A red film seems to cover your vision as you go berserk!
You feel yourself moving faster!
You feel mighty!
You are feeling very hungry.
Something hits you.
* * * LOW HITPOINT WARNING * * *
Something shocks you.
* * * LOW HITPOINT WARNING * * *
You miss something.
A sky beast appears from thin air!
Reactivating autopickup.
The sky beast misses you. You furiously retaliate!
You headbutt the sky beast! You barely miss the sky beast.
Your headbutt misses the sky beast.
The sky beast is severely wounded.
The sky beast flickers out of sight!
Deactivating autopickup; reactivate with Ctrl-A.
Something hits you.
You die...

.... #...# ....
#.#.# ..... #.#.#
### ..... #.#.#
..#...... #.#.#
..#####.#......
#.#.#
....$..........
#.#.## #{# #.#...
#@# #.#### #.#
#.....
#.################
#...............#
###############.#
#.# #.# #.## #...


There were no monsters in sight!

Vanquished Creatures
  2 hounds (D:3)
  2 orc wizards (D:3)
  A gnoll (D:3)
  2 adders
  4 dart slugs
  3 leopard geckos
  3 orcs (D:3)
  4 bats
  A giant cockroach (D:2)
  10 goblins
  8 hobgoblins
  2 jackals (D:1)
  A quokka (D:2)
  2 ball pythons
  6 frilled lizards
  9 kobolds
  4 rats
64 creatures vanquished.

Notes
Turn   | Place    | Note
-------+----------+-------------------------------------------
     0 | D:1      | rjrrt the Minotaur Berserker began the quest for the Orb.
     0 | D:1      | Reached XP level 1. HP: 19/19 MP: 0/0
   343 | D:1      | Reached skill level 4 in Axes
   415 | D:1      | Reached XP level 2. HP: 15/26 MP: 1/1
   731 | D:2      | Reached skill level 5 in Axes
   736 | D:2      | Reached XP level 3. HP: 21/31 MP: 2/2
   747 | D:2      | Reached ** piety under Trog
  1736 | D:3      | Reached skill level 6 in Axes
  1736 | D:3      | Reached XP level 4. HP: 37/39 MP: 3/3
  2089 | D:3      | Reached skill level 1 in Throwing
  2143 | D:3      | Reached XP level 5. HP: 45/45 MP: 4/4
  2184 | D:3      | Reached skill level 7 in Axes
  2565 | D:3      | Reached *** piety under Trog
  2829 | D:4      | Noticed a sky beast
  2842 | D:4      | HP: 1/67 [something (6)]
  2844 | D:4      | Slain by a sky beast

Vault maps used:
D:1:      arrival_zaba_pyramid
D:2:      first_bread
D:3:      cheibrodos_gnoll_hut
D:4:      kennysheep_slug_shrine, hangedman_abyss_or_decor_passed, uniq_sigmund

Skill      XL: |  1  2  3  4  5 |
---------------+----------------+-----
Axes           | 4 5 6 7 |  7.2
Throwing       | 1 |  1.9
Fighting       | |  3.6
Armour         | |  2.4
Dodging        | |  2.1

Action                   |  1- 3 |  4- 6 || total
-------------------------+-------+-------++-------
Melee: Hand axe          |    80 |       ||    80
       Headbutt          |    12 |     7 ||    19
       War axe           |    17 |    52 ||    69
Invok: Berserk           |     1 |     2 ||     3
  Eat: Chunk             |     4 |     4 ||     8
Armor: Animal skin       |    19 |       ||    19
       Chain mail        |    13 |     6 ||    19
Dodge: Dodged            |    55 |    31 ||    86

Table legend:
 A = Spawn XP
 B = Non-spawn XP
 C = Spawn XP percentage of total XP
 D = Spawn monster count
 E = Non-spawn monster count
 F = Spawn count percentage of total count
 G = Total turns spent on level
                    A         B        C        D         E        F      G
               +---------+---------+-------+---------+---------+-------+---------
         Total |       0 |     309 |   0.0 |       0 |      64 |   0.0 |  2844
               +---------+---------+-------+---------+---------+-------+---------
           D:1 |       0 |      34 |   0.0 |       0 |      18 |   0.0 |   723
           D:2 |       0 |      50 |   0.0 |       0 |      22 |   0.0 |   950
           D:3 |       0 |     225 |   0.0 |       0 |      24 |   0.0 |  1086
               +---------+---------+-------+---------+---------+-------+---------
